Description

Maru vs Dream TvT on IEM Katowice - Belingrad

VOD

https://youtu.be/PpWakVxo-sc

Replay - Dream v Maru: Game 1 - [ESL] Berlingrad

Build Order

Get SALT Encoding   

  12  0:01  SCV  
  13  0:13  SCV  
  14  0:17  Supply Depot  
  14  0:25  SCV  
  15  0:38  SCV  
  15  0:39  Barracks  
  16  0:45  Refinery  
  16  0:51  SCV  
  16  0:52  Refinery  
  17  1:03  SCV  
  18  1:15  SCV  
  19  1:26  Reaper  
  19  1:27  Orbital Command  
  19  1:32  Supply Depot  
  20  1:42  Factory  
  20  1:53  SCV  
  21  1:58  Barracks Reactor  
  21  2:05  SCV  
  22  2:17  SCV  
  23  2:24  Command Center  
  23  2:28  Hellion  
  25  2:35  Reaper x2  
  28  2:42  Supply Depot  
  29  2:50  Hellion  
  31  3:01  Starport  
  32  3:07  Reaper x2  
  34  3:13  Hellion  
  37  3:24  Refinery  
  38  3:34  Factory Tech Lab  
  38  3:36  Orbital Command  
  38  3:39  Starport Tech Lab  
  39  3:43  Marine x2  
  41  3:52  Cyclone  
  45  4:01  Marine x2  
  41  4:17  Raven  
  41  4:18  Marine x2  
  45  4:26  Siege Tank  
  45  4:30  Supply Depot  
  49  4:37  Marine x2  
  53  4:46  Command Center  
  55  4:52  Supply Depot  
  55  5:00  Raven  
  55  5:02  Siege Tank  
  61  5:10  Refinery  
  61  5:14  Marine x2  
  70  5:39  Siege Tank  
  74  5:53  Barracks x2  
  74  5:55  Viking x2  
  79  5:59  Engineering Bay x2  
  79  6:04  Orbital Command  
  79  6:06  Stimpack  
  84  6:26  Viking x2  
  84  6:32  Orbital Command  
  89  6:38  Terran Infantry Armor Level 1, Terran Infantry Weapons Level 1  
  91  6:49  Barracks Reactor x2  
  92  7:04  Viking x2  
  99  7:11  Siege Tank  
  99  7:13  Barracks Tech Lab  
  106  7:28  Barracks x2  
  106  7:34  Viking x2  
  113  7:40  Refinery x2  
  107  8:04  Viking x2  
  108  8:09  Siege Tank  
  113  8:13  Combat Shield  
  113  8:17  Armory, Barracks Tech Lab  
  113  8:18  Barracks Reactor  
  113  8:22  Command Center  
  114  8:28  Marauder x2  
  118  8:36  Marauder  
  125  8:48  Concussive Shells  
  125  8:49  Marauder x2  
  132  9:02  Marauder, Sensor Tower  
  136  9:11  Marauder x2  
  136  9:16  Siege Tank  
  128  9:17  Medivac  
  128  9:23  Marauder  
  133  9:25  Terran Infantry Weapons Level 2, Medivac  
  135  9:32  Marauder  
  135  9:33  Terran Infantry Armor Level 2  
  135  9:34  Terran Vehicle Weapons Level 1  
  135  9:35  Planetary Fortress  
Spawning Tool Build Advisor. Get it on Overwolf

Go to:

Details

  • Created by: Wetkin
  • Published on: Aug 21, 2022
  • Modified on: Aug 21, 2022
  • Patch: 4.11.0
  • Difficulty: Hard
Show
View Real Time Build Order
Export as new Build Order

Comments (0)

There are no comments. Be the first!

Create an account to comment!